 Dungeon Crawl Stone Soup version 0.28.0-47-ge53b351184 (webtiles) character file.

Game seed: 8491701116870984836

31 firemarshallily the Chiller (level 3, -2/24 HPs)
             Began as a Merfolk Ice Elementalist on May 10, 2022.
             Succumbed to an adder's poison
             ... on level 3 of the Dungeon.
             The game lasted 00:05:47 (1938 turns).

firemarshallily the Chiller (MfIE)                  Turns: 1938, Time: 00:05:47

Health: -2/24      AC:  3    Str: 14    XL:     3   Next: 22%
Magic:  1/6        EV: 13    Int: 16    God:
Gold:   76         SH:  0    Dex: 14    Spells: 6/7 levels left

rFire   . . .      SeeInvis .   m - +0 short sword
rCold   . . .      Faith    .   (no shield)
rNeg    . . .      Spirit   .   a - +0 robe
rPois   .          Reflect  .   (no helmet)
rElec   .          Harm     .   d - +0 cloak
rCorr   .          Rampage  .   (no gloves)
Will    .....                   (no boots)
Stlth   ++........              (no amulet)
HPRegen 0.08/turn               c - +6 ring of strength
MPRegen 0.10/turn               (no ring)

@: lethally poisoned (-2 -> -12), hasted, very quick
A: (nimble swimmer 2), mertail
a: no special abilities


You were on level 3 of the Dungeon.
You visited 1 branch of the dungeon, and saw 3 of its levels.

You collected 76 gold pieces.

Inventory:

Hand Weapons
 m - a +0 short sword (weapon)
Missiles
 g - 52 stones (quivered)
Armour
 a - a +0 robe (worn)
 d - a +0 cloak (worn)
Jewellery
 c - a +6 ring of strength (left hand)
Scrolls
 b - a scroll of vulnerability
Potions
 f - a potion of cancellation
 j - a potion of might
 n - a potion of brilliance {unknown}


   Skills:
 - Level 3.0 Dodging
 + Level 2.4 Stealth
 * Level 2.6 Spellcasting
 * Level 4.9 Ice Magic


You had 6 spell levels left.
You knew the following spells:

 Your Spells              Type           Power      Damage    Failure   Level
a - Freeze                Ice            68%        1d8       2%          1

Your spell library contained the following spells:

 Spells                   Type           Power      Damage    Failure   Level
 Frozen Ramparts          Ice            34%        1d5       8%          3
 Ozocubu's Armour         Ice            17%        N/A       8%          3
 Hailstorm                Conj/Ice       9%         3d4       56%         4


Dungeon Overview and Level Annotations

Branches:
Dungeon (3/15)

Altars:


Innate Abilities, Weirdness & Mutations

((You are very nimble when in or above water. (Stealth+, EV+, Speed+++)))
Your lower body shifts to a powerful aquatic tail in water.


Message History

Press: ? - help, Shift-Dir - straight line, f - adder, p - worm
Aim: an adder You freeze the adder.
The adder is moderately wounded.
The adder bites you.
You are poisoned.
The adder poisons you! The worm bites you. The adder closely misses you.
Casting: Freeze (safe; 2% risk of failure)
Confirm with . or Enter, or press ? or * to list all spells.
Aiming: Freeze (safe; 2% risk of failure)
Press: ? - help, Shift-Dir - straight line, f/p - adder
Aim: an adder (moderately wounded)
You freeze the adder.
The adder is heavily wounded.
The adder seems to slow down.
You feel sick.
Casting: Freeze (safe; 2% risk of failure)
Confirm with . or Enter, or press ? or * to list all spells.
You don't have enough magic to cast this spell.
You feel sick. The worm misses you.
You see here a +0 dagger.
You feel sick.
You feel sick.
The adder is no longer moving slowly.
You feel sick.
You are no longer poisoned.
You barely miss the adder.
The adder is heavily wounded.
The adder completely misses you. The adder bites you but does no damage.
You barely miss the adder.
The adder is heavily wounded.
The adder bites you.
* * * LOW HITPOINT WARNING * * *
You are poisoned.
The adder poisons you!
You feel sick. The adder bites you.
* * * LOW HITPOINT WARNING * * *
You are more poisoned.
The adder poisons you! The adder bites you.
* * * LOW HITPOINT WARNING * * *
It was a potion of haste.
You feel yourself speed up.
You die...

#..#### *,* *,*
#.<# *,***,* #†.#
*,,**,* #..#
**,**,*** #..#####
*.#*,,,,
#......#####.##,***
##.#..........#,*
#.#...).......,*
#@#..........#****
#.S...........,,,,
###.......#.##****
#.).....#,..,,,*
#.......#**#**,*
###(.#### *,* #(.#
*,* #(.# *,* *#(.#
*,*


You could see an adder.

Vanquished Creatures
  2 dart slugs (D:1)
  2 endoplasms
  A giant cockroach (D:1)
  A goblin (D:1)
  4 hobgoblins (D:1)
  2 quokkas (D:1)
  2 ball pythons
  5 bats
  3 frilled lizards
  3 kobolds
  A rat (D:1)
26 creatures vanquished.

Notes
Turn   | Place    | Note
-------+----------+-------------------------------------------
     0 | D:1      | firemarshallily the Merfolk Ice Elementalist began the
                  | quest for the Orb.
     0 | D:1      | Reached XP level 1. HP: 13/13 MP: 3/3
   314 | D:1      | Reached XP level 2. HP: 8/19 MP: 1/5
  1133 | D:2      | Reached XP level 3. HP: 24/24 MP: 4/6
  1937 | D:3      | HP: 1/24 [adder (2)]
  1938 | D:3      | Succumbed to an adder's poison

Illustrated notes

Levels and vault maps discovered:
D:1:      wheals_arrival_shading, layout_loops_cross, minmay_quantized
D:2:      layout_loops_ring, chequers_serial_rivers_micro_a
D:3:      layout_loops_ring, serial_shops, shop, ebering_ecumenical_altar_ruins,
          kennysheep_big_empty_room, minmay_misc_feat_tower, uniq_natasha

Skill      XL: |  1  2 |
---------------+-------+-----
Dodging        | 3 |  3.0
Stealth        | |  2.4
Spellcasting   | |  2.6
Ice Magic      | |  4.9

Action                   || total
-------------------------++-------
Melee: Whip              ||     3
       Dagger            ||     6
       Short sword       ||     4
Throw: Stone             ||     9
 Cast: Freeze            ||    43
  Use: Scroll            ||     6
       Potion            ||     1
 Stab: Sleeping          ||     2
Armor: Robe              ||     7
Dodge: Dodged            ||    32
